 Dungeon Crawl Stone Soup version 0.20-a0-540-ge6d1839 (webtiles) character file.

2933 Devintownsend the Blocker (level 9, -9/74 HPs)
             Began as a Minotaur Fighter on Jan 30, 2017.
             Mangled by a two-headed ogre
             ... wielding a +0 dire flail
              (21 damage)
             ... on level 8 of the Dungeon.
             The game lasted 00:16:54 (4961 turns).

Devintownsend the Blocker (Minotaur Fighter)        Turns: 4961, Time: 00:16:56

Health: -9/74      AC: 18    Str: 28    XL:     9   Next: 50%
Magic:  8/8        EV: 10    Int:  5    God:
Gold:   215        SH: 13    Dex: 11    Spells: 8/8 levels left

rFire    . . .     SeeInvis .   a - +1 war axe
rCold    . . .     Gourm    .   I - +3 ring mail "Taehac" {Str+5 Slay-3}
rNeg     . . .     Faith    .   c - +0 shield
rPois    .         Spirit   .   (helmet restricted)
rElec    .         Reflect  .   (no cloak)
rCorr    +         Harm     +   m - +0 pair of gloves
MR       .....                  y - +1 pair of boots
Stlth    +.........             v - amulet of harm
Regen    0.3/turn               x - +4 ring of protection
                                i - ring of resist corrosion

@: no status effects
A: retaliatory headbutt, horns 2
a: no special abilities


You were on level 8 of the Dungeon.
You were not hungry.

You visited 1 branch of the dungeon, and saw 7 of its levels.

You collected 215 gold pieces.

Inventory:

Hand Weapons
 a - a +1 war axe (weapon)
 E - a +2 dire flail of protection
 K - a cursed +3 dire flail
Armour
 c - a +0 shield (worn)
 m - a +0 pair of gloves (worn)
 y - a +1 pair of boots (worn)
 B - the +1 robe of the Pleiades {Regen+ rCorr}
   (You found it on level 4 of the Dungeon)

   It increases your rate of regeneration.
   It protects you from acid and corrosion.
 H - a +0 chain mail
 I - the +3 ring mail "Taehac" (worn) {Str+5 Slay-3}
   (You found it on level 7 of the Dungeon)

   It affects your strength (+5).
   It affects your accuracy and damage with ranged weapons and melee attacks
   (-3).
Jewellery
 i - a ring of resist corrosion (left hand)
 v - an amulet of harm (around neck)
 x - a +4 ring of protection (right hand)
 A - an uncursed ring of ice
Wands
 k - a wand of random effects (16/48)
 G - a wand of iceblast (8/15)
 L - a wand of random effects (16/48)
Scrolls
 e - a scroll of amnesia
 g - 5 scrolls of remove curse
 h - a scroll of teleportation
 p - 3 scrolls of identify
 r - a scroll of enchant weapon
 u - 2 scrolls of immolation {unknown}
 D - a scroll of fear {unknown}
 M - a scroll of recharging {unknown}
 N - a scroll of blinking {unknown}
Potions
 b - a potion of cancellation {unknown}
 d - 2 potions of might
 j - a potion of ambrosia {unknown}
 l - a potion of haste {unknown}
 n - 2 potions of lignification {unknown}
 o - 2 potions of flight {unknown}
 q - 2 potions of invisibility {unknown}
 t - a potion of mutation {unknown}
 w - a potion of resistance
 z - 3 potions of curing
 C - a potion of brilliance {unknown}
Comestibles
 f - 6 bread rations
 s - 4 royal jellies
 F - a chunk of flesh
 J - 3 meat rations


   Skills:
 - Level 5.0 Fighting
 - Level 5.9 Axes
 + Level 9.8 Armour
 + Level 11.5 Shields


You had 8 spell levels left.
You didn't know any spells.

Dungeon Overview and Level Annotations

Branches:
Dungeon (8/15)
 Temple: D:4-7         Lair: D:8-11

Altars:
Dithmenos
Qazlal
Zin


Innate Abilities, Weirdness & Mutations

You reflexively headbutt those who attack you in melee.
You have a pair of horns on your head.


Message History

You completely miss the two-headed ogre.
The two-headed ogre is moderately wounded.
The two-headed ogre closely misses you. You furiously retaliate!
You headbutt the two-headed ogre! You block the two-headed ogre's attack.
You barely miss the two-headed ogre.
The two-headed ogre is heavily wounded.
The two-headed ogre hits you with a dire flail!
The two-headed ogre closely misses you.
You hit the two-headed ogre.
Your headbutt misses the two-headed ogre.
The two-headed ogre is heavily wounded.
You block the two-headed ogre's attack.
The two-headed ogre hits you with a giant club!
You barely miss the two-headed ogre.
Your headbutt misses the two-headed ogre.
The two-headed ogre is heavily wounded.
The two-headed ogre hits you with a dire flail!
* * * LOW HITPOINT WARNING * * *
The two-headed ogre hits you with a giant club!!
You die...

#### #..######
##### #......[##
#...#
#.#####..###...#
#.######.......#
#....#
#####...##
####.# #....##
#.# #....@# #.#
#####O# #.###
#.# #...# #.#
###(# #.# #.##
#.# #..### #..
##...## ##.
#########..#


You could see a two-headed ogre.

Vanquished Creatures
  The ghost of Devintownsend the Chopper, an amateur MiFi (D:4)
  Grinder (D:6)
  The ghost of SaltCity the Firebug, an amateur DgFE (D:3)
  Sigmund (D:3)
  Edmund (D:6)
  3 ice beasts
  A necrophage (D:7)
  A centaur (D:7)
  An ogre (D:4)
  2 bullfrogs (D:6)
  4 scorpions
  9 wights (D:7)
  2 howler monkeys
  A crimson imp (D:7)
  A quasit (D:6)
  2 hounds
  4 orc priests
  2 orc wizards (D:4)
  A bullfrog skeleton (D:4)
  An iguana (D:7)
  6 worker ants
  3 gnolls (D:2)
  9 adders
  A howler monkey skeleton (D:7)
  2 oozes
  An adder skeleton (D:6)
  2 worms
  3 dart slugs
  8 leopard geckos
  30 orcs
  A ball python (D:2)
  5 bats
  4 giant cockroaches
  8 goblins
  5 hobgoblins
  10 jackals
  A quokka (D:3)
  7 frilled lizards
  5 kobolds
  5 rats
156 creatures vanquished.

Notes
Turn   | Place    | Note
-------+----------+-------------------------------------------
     0 | D:1      | Devintownsend the Minotaur Fighter began the quest for the Orb.
     0 | D:1      | Reached XP level 1. HP: 19/19 MP: 0/0
    43 | D:1      | Reached XP level 2. HP: 27/27 MP: 1/1
   484 | D:1      | Reached XP level 3. HP: 33/33 MP: 2/2
   771 | D:2      | Reached skill level 4 in Shields
   785 | D:2      | Reached XP level 4. HP: 8/40 MP: 3/3
  1311 | D:2      | Found a shadowy altar of Dithmenos.
  1745 | D:3      | Noticed Sigmund
  1774 | D:3      | Killed Sigmund
  1774 | D:3      | Reached skill level 5 in Axes
  1774 | D:3      | Reached skill level 5 in Armour
  1774 | D:3      | Reached XP level 5. HP: 19/47 MP: 4/4
  1774 | D:3      | Reached XP level 6. HP: 22/53 MP: 5/5
  1945 | D:3      | Noticed a fire elemental
  1952 | D:3      | Found a stormy altar of Qazlal.
  1953 | D:3      | Noticed a water elemental
  1953 | D:3      | Noticed an air elemental
  2005 | D:3      | Noticed SaltCity's ghost (amateur DgFE)
  2020 | D:3      | Killed SaltCity's ghost
  2020 | D:3      | Reached skill level 5 in Fighting
  2020 | D:3      | Reached skill level 5 in Shields
  2050 | D:3      | Reached XP level 7. HP: 16/61 MP: 6/6
  2701 | D:4      | Got a shimmering robe
  2713 | D:4      | Identified the +1 robe of the Pleiades {Regen+ rCorr} (You found it on level 4 of the Dungeon)
  2798 | D:4      | Noticed Devintownsend's ghost (amateur MiFi)
  2818 | D:4      | Killed Devintownsend's ghost
  2818 | D:4      | Reached skill level 6 in Shields
  3276 | D:4      | Reached skill level 7 in Shields
  3276 | D:4      | Reached XP level 8. HP: 62/68 MP: 7/7
  3315 | D:4      | You fall through a shaft for 2 floors!
  3336 | D:6      | Noticed Edmund
  3357 | D:6      | Killed Edmund
  3390 | D:6      | Reached skill level 8 in Shields
  3719 | D:6      | Reached skill level 9 in Shields
  3741 | D:6      | Noticed Grinder
  3742 | D:6      | Paralysed by Grinder for 4 turns
  3749 | D:6      | Paralysed by Grinder for 2 turns
  3758 | D:6      | Killed Grinder
  4111 | D:7      | Found a glowing silver altar of Zin.
  4136 | D:7      | Got a jacinth-studded ring mail
  4148 | D:7      | Identified the +3 ring mail "Taehac" {Str+5 Slay-3} (You found it on level 7 of the Dungeon)
  4200 | D:7      | Reached XP level 9. HP: 74/74 MP: 8/8
  4207 | D:7      | Reached skill level 10 in Shields
  4468 | D:7      | Reached skill level 11 in Shields
  4953 | D:8      | Noticed a two-headed ogre
  4961 | D:8      | Mangled by a two-headed ogre

Vault maps used:
D:1:      elethiomel_arrival_quiet
D:2:      marbit_many_paths, first_bread, minmay_misc_feat_diagonals,
          minmay_misc_feat_more_columns
D:3:      nicolae_qazlal_style_of_elements, uniq_sigmund
D:4:      grunt_ministairs_7, minmay_item_behind_shaft,
          hangedman_decor_riveting, st_stairs_8
D:6:      uniq_grinder, uniq_edmund
D:7:      zin_statuary
D:8:      minitemple, basic_altar, uniq_grum

Skill      XL: |  1  2  3  4  5  6  7  8  9 |
---------------+----------------------------+-----
Armour         | 4 5 7 9 |  9.8
Fighting       | 4 5 |  5.0
Axes           | 3 5 |  5.9
Shields        | 4 5 7 9 11 | 11.5

Action                   |  1- 3 |  4- 6 |  7- 9 || total
-------------------------+-------+-------+-------++-------
Melee: War axe           |    77 |   100 |   295 ||   472
       Headbutt          |    11 |    13 |    60 ||    84
  Use: Scroll            |       |       |     5 ||     5
  Eat: Chunk             |       |     4 |    10 ||    14
Armor: Scale mail        |    38 |    51 |    60 ||   149
       Chain mail        |       |       |     8 ||     8
       Ring mail         |       |       |    25 ||    25
Dodge: Dodged            |    23 |    23 |    76 ||   122
Block: Shield            |    43 |    52 |   176 ||   271
